 Dungeon Crawl Stone Soup version 0.28.0-43-g3370ac3207 (webtiles) character file.

Game seed: 5642233174947079377

142 Kraken2834 the Shield-Bearer (level 5, -1/49 HPs)
             Began as a Deep Dwarf Fighter on Mar 10, 2022.
             Slain by an ogre
             ... wielding a +0 giant spiked club
              (13 damage)
             ... on level 4 of the Dungeon.
             The game lasted 00:04:58 (1374 turns).

Kraken2834 the Shield-Bearer (Deep Dwarf Fighter)   Turns: 1374, Time: 00:04:59

Health: -1/49      AC:  7    Str: 22    XL:     5   Next: 3%
Magic:  5/5        EV: 10    Int:  8    God:
Gold:   48         SH:  5    Dex: 12    Spells: 4/4 levels left

rFire   . . .      SeeInvis .   a - +0 war axe
rCold   . . .      Faith    .   c - +0 buckler
rNeg    . . .      Spirit   .   b - +0 scale mail
rPois   .          Reflect  .   (no helmet)
rElec   .          Harm     .   (no cloak)
rCorr   .          Rampage  .   (no gloves)
Will    .....                   (no boots)
Stlth   ..........              (no amulet)
HPRegen 0.00/turn               (no ring)
MPRegen 0.09/turn               (no ring)

@: no status effects
A: damage resistance, heal wounds, sense surroundings 1, no regeneration
a: Heal Wounds


You were on level 4 of the Dungeon.
You visited 1 branch of the dungeon, and saw 4 of its levels.

You collected 48 gold pieces.

Inventory:

Hand Weapons
 a - a +0 war axe (weapon)
Armour
 b - a +0 scale mail (worn)
 c - a +0 buckler (worn)
Jewellery
 j - the ring "Ponerypro" {rN+ Slay+4}
   (You took it off an orc on level 3 of the Dungeon)

   [ring of slaying]

   Slay:      It affects your accuracy & damage with ranged weapons and melee
   (+4).
   rN:        It protects you from negative energy.
Scrolls
 e - a scroll of noise {unknown}
 g - 2 scrolls of amnesia {unknown}
 h - a scroll of brand weapon {unknown}
Potions
 d - a potion of might
 f - a potion of flight {unknown}
 i - 2 potions of mutation {unknown}
 k - a potion of heal wounds {unknown}


   Skills:
 + Level 3.3 Fighting
 + Level 3.2 Axes
 + Level 4.0 Armour
 + Level 2.1 Dodging
 + Level 4.0 Shields


You had 4 spell levels left.
You didn't know any spells.
Your spell library contained the following spells:

 Spells                   Type           Power      Damage    Failure   Level
 Frozen Ramparts          Ice            0%         1d2       99%         3
 Ice Form                 Ice/Tmut       0%         N/A       100%        4
 Summon Ice Beast         Ice/Summ       0%         N/A       100%        4


Dungeon Overview and Level Annotations

Branches:
Dungeon (4/15)
 Temple: D:4-7

Altars:
Gozag
The Shining One

Shops:
D:3 !(


Innate Abilities, Weirdness & Mutations

You are resistant to damage.
You can heal yourself by infusing magical energy.
You passively map a small area around you.
You do not regenerate.


Message History

You see here a coppery potion.
k - a coppery potion You hit the endoplasm but do no damage.
The endoplasm jiggles.
The endoplasm barely misses you.
You hit the endoplasm but do no damage. The endoplasm closely misses you.
You barely miss the endoplasm. The endoplasm freezes you.
You are frozen.
The endoplasm freezes you.
You are frozen.
You hit the endoplasm.
The endoplasm is moderately wounded.
You block the endoplasm's attack.
You hit the endoplasm but do no damage.
The endoplasm is moderately wounded.
The endoplasm misses you. The endoplasm barely misses you.
You slash the endoplasm!
You kill the endoplasm!
An ogre comes into view. It is wielding a +0 giant spiked club.
The ogre shouts!
You hear a shout!
An ogre is nearby!
You start waiting.
An ogre is nearby!
You barely miss the ogre. You block the ogre's attack.
You slash the ogre!
The ogre is heavily wounded.
The ogre hits you with a +0 giant spiked club!!
* * * LOW HITPOINT WARNING * * *
You barely miss the ogre.
The ogre is heavily wounded.
The ogre hits you with a +0 giant spiked club.
* * * LOW HITPOINT WARNING * * *
You hit the ogre but do no damage.
The ogre is heavily wounded.
You block the ogre's attack. The ogre closely misses you.
You slash the ogre!
The ogre is almost dead.
The ogre hits you with a +0 giant spiked club!
You die...

, #.# < , #.# * * * ,
#O# .## * ,* , #.# , *
##..# , #.#,,, ,..#.# *
#.#* .# #.#.# * *, #.#
.# #.#.# * #.###.# #.#.#
, , #.O@#.# #.#.# *, *
###.#.#####.#.###.## * *
##.#......<........
#.####..[########.######
#......#..# ####.#####
######....####........#
* * ##.#......>..###.#
#....#####.#### * , ,*
♣.P♣.# #.#


You could see an ogre.

Vanquished Creatures
  An orc priest (D:3)
  Terence (D:3)
  An orc wizard (D:3)
  3 adders
  6 orcs (D:3)
  6 endoplasms
  2 goblins
  2 hobgoblins (D:3)
  2 quokkas
  2 bats
  2 frilled lizards (D:3)
  3 rats (D:3)
31 creatures vanquished.

Vanquished Creatures (others)
  24 plants
24 creatures vanquished.

Grand Total: 55 creatures vanquished

Notes
Turn   | Place    | Note
-------+----------+-------------------------------------------
     0 | D:1      | Kraken2834 the Deep Dwarf Fighter began the quest for the
                  | Orb.
     0 | D:1      | Reached XP level 1. HP: 20/20 MP: 1/1
   151 | D:3      | Found Qyki's Weapon Emporium.
   184 | D:3      | Noticed an orc priest
   186 | D:3      | Reached XP level 2. HP: 27/27 MP: 2/2
   203 | D:3      | Reached skill level 1 in Dodging
   203 | D:3      | Reached XP level 3. HP: 25/34 MP: 3/3
   477 | D:3      | Found Deunybag's Distillery.
   489 | D:3      | Reached XP level 4. HP: 19/42 MP: 4/4
   498 | D:3      | Identified the ring "Ponerypro" {rN+ Slay+4}
   700 | D:3      | Found a faded altar of an unknown god.
   704 | D:3      | Found an opulent altar of Gozag.
   803 | D:3      | Found a glowing golden altar of the Shining One.
   847 | D:3      | Noticed Terence
   874 | D:3      | Killed Terence
  1316 | D:4      | Reached XP level 5. HP: 31/49 MP: 5/5
  1354 | D:4      | Noticed an ogre
  1374 | D:4      | Slain by an ogre

Illustrated notes

Levels and vault maps discovered:
D:1:      shiori_shiawase, layout_basic, serial_shops, shop,
          ebering_ecumenical_altar_box, columned_hall_lemuel, chequers_jeans
D:2:      minmay_razor_zed, layout_rooms, minmay_hexomino_u4, uniq_natasha,
          uniq_robin, uniq_sigmund
D:3:      layout_basic, tso_oasis_becter, nicolae_overflow_ecumenical_swirl,
          serial_shops, shop, nicolae_shop_crystal, minmay_misc_feat_nine_boxes,
          uniq_terence
D:4:      layout_loops_ring, mainiacjoe_overflow_surrounded_room, serial_bayou,
          serial_bayou_shore_b, serial_bayou_crossing, serial_bayou_pond_c,
          serial_bayou_lagoon_a

Skill      XL: |  1  2  3  4 |
---------------+-------------+-----
Fighting       | 3 |  3.3
Dodging        | 1 2 |  2.1
Axes           | 3 |  3.2
Armour         | 4 |  4.0
Shields        | 4 |  4.0

Action                   |  1- 3 |  4- 6 || total
-------------------------+-------+-------++-------
Melee: War axe           |    65 |    62 ||   127
 Abil: Heal Wounds       |       |     2 ||     2
Armor: Scale mail        |    23 |    16 ||    39
Dodge: Dodged            |    37 |    27 ||    64
Block: Buckler           |    19 |    11 ||    30
